 Dungeon Crawl Stone Soup version 0.25-a0-1024-gbfbf38f2cb (webtiles) character file.

Game seed: 17655063937033265119, levelgen mode: classic

29054 Amnesiac the Cruncher (level 13, -5/78 HPs)
             Began as a Deep Elf Gladiator on May 12, 2020.
             Was a High Priest of Okawaru.
             Slain by a komodo dragon (38 damage)
             ... on level 2 of the Lair of Beasts.
             The game lasted 00:48:57 (19795 turns).

Amnesiac the Cruncher (Deep Elf Gladiator)         Turns: 19795, Time: 00:48:58

Health: -5/78      AC: 21    Str: 15    XL:     13   Next: 13%
Magic:  22/22      EV: 16    Int: 14    God:    Okawaru [*****.]
Gold:   998        SH:  0    Dex: 19    Spells: 11/21 levels left

rFire    + + .     SeeInvis .   w - +2 whip (elec)
rCold    + . .     Gourm    +   s - +2 buckler {rF+}
rNeg     . . .     Faith    .   I - +6 scale mail of Monotheism {rPois}
rPois    +         Spirit   .   W - +2 helmet {Int+3}
rElec    .         Reflect  .   h - +0 cloak
rCorr    .         Harm     .   D - +0 pair of gloves
MR       +....                  i - +0 pair of boots
Stlth    ..........             y - amulet of the gourmand
HPRegen  0.23/turn              E - ring "Ucogaff" {rF++ Int-4 Dex+3}
MPRegen  0.18/turn              q - ring of ice

@: sleeping
A: no striking features
a: Heroism, Finesse, Renounce Religion


You were on level 2 of the Lair of Beasts.
You worshipped Okawaru.
Okawaru was extremely pleased with you.
You were completely stuffed.

You visited 4 branches of the dungeon, and saw 16 of its levels.

You collected 998 gold pieces.

Inventory:

Hand Weapons
 a - a +0 quarterstaff
 b - a +0 vorpal hunting sling
 c - a +3 longbow of flaming
 w - a +2 whip of electrocution (weapon)
Missiles
 n - 313 stones
 u - 6 boomerangs (quivered)
 x - 288 arrows
 z - 2 curare-tipped darts
 B - 19 poisoned darts
 G - 75 sling bullets
 N - 12 javelins
Armour
 h - a +0 cloak (worn)
 i - a +0 pair of boots (worn)
 s - a +2 buckler of fire resistance (worn)
 D - a +0 pair of gloves (worn)
 I - the +6 scale mail of Monotheism (worn) {rPois}
   (You found it on level 6 of the Dungeon)

   It protects you from poison.
 W - a +2 helmet of intelligence (worn)
Magical Staves
 R - an uncursed staff of summoning {!a}
Jewellery
 q - a ring of ice (right hand)
 y - an amulet of the gourmand (around neck)
 E - the ring "Ucogaff" (left hand) {rF++ Int-4 Dex+3}
   (You found it on level 5 of the Dungeon)

   [ring of dexterity]

   It affects your intelligence (-4).
   It affects your dexterity (+3).
   It greatly protects you from fire.
 F - an uncursed ring of magical power
Wands
 d - a wand of polymorph (9)
 o - a wand of random effects (55)
 A - a wand of disintegration (7)
 H - a wand of digging (5)
 J - a wand of enslavement (6)
 U - a wand of acid (3)
Scrolls
 e - 2 scrolls of blinking {!r}
 k - a scroll of torment {!r, unknown}
 l - 4 scrolls of fear {!r}
 m - 7 scrolls of teleportation {!r}
 r - 3 scrolls of enchant armour {!r}
 v - 3 scrolls of enchant weapon {!r}
 M - 2 scrolls of fog {!r}
 P - a scroll of magic mapping {!r}
 X - a scroll of holy word {!r}
Potions
 g - a potion of stabbing {!q}
 t - 3 potions of heal wounds {!q}
 C - 3 potions of brilliance {!q}
 K - 2 potions of might {!q}
 L - 4 potions of curing {!q}
 O - a potion of haste {!q}
 Q - a potion of cancellation {!q}
 S - a potion of berserk rage {!q}
 Y - a potion of mutation {!q}
Miscellaneous
 T - a phial of floods (inert)
Comestibles
 f - 23 rations
 j - 3 chunks of flesh


   Skills:
 - Level 8.0 Fighting
 * Level 13.5 Staves
 - Level 2.0 Throwing
 - Level 8.0 Armour
 - Level 11.0 Dodging
 + Level 4.9 Spellcasting
 - Level 8.0 Invocations
 - Level 3.0 Evocations


You had 11 spell levels left.
You knew the following spells:

 Your Spells              Type           Power        Failure   Level  Hunger
a - Call Imp              Summ           #.......     82%         2    ##.....
e - Mephitic Cloud        Conj/Pois/Air  #.......     96%         3    ###....
v - Blink                 Tloc           N/A          82%         2    ##.....
z - Confusing Touch       Hex            #.......     96%         3    ###....

Your spell library contained the following spells:

 Spells                   Type           Power        Failure   Level  Hunger
 Magic Dart               Conj           #...         67%         1    None
 Slow                     Hex            #.......     82%         2    ##.....
 Conjure Flame            Conj/Fire      #.......     96%         3    ###....
 Gell's Gravitas          Tloc           #.........   96%         3    ###....
 Petrify                  Tmut/Erth      #.......     100%        4    ####...
 Metabolic Englaciation   Hex/Ice        #.........   100%        5    ######.
 Yara's Violent Unravell  Hex/Tmut       #.........   100%        5    ######.


Dungeon Overview and Level Annotations

Branches:
Dungeon (12/15)            Temple (1/1) D:5            Lair (2/6) D:8
    Orc (1/2) D:12
  Swamp: Lair:2-4    Shoals: Lair:2-4     Snake: Lair:2-4    Spider: Lair:2-4

Altars:
Ashenzari
Cheibriados
Dithmenos
Elyvilon
Fedhas
Gozag
Hepliaklqana
Kikubaaqudgha
Makhleb
Nemelex Xobeh
Okawaru
Qazlal
Ru
Sif Muna
Trog
Uskayaw
Vehumet
Wu Jian
Xom
Yredelemnul
Zin
The Shining One

Annotations:
Orc:1 Sonja


Message History

The ice encasing you melts away.
The rime drake is too close now for your liking.
Throwing (i - inventory. (/) - cycle)
u - 6 boomerangs (quivered)
Press: ? - help, Shift-Dir - straight line, f/p - rime drake
Aim: a rime drake (catching its breath)
You throw a boomerang. The boomerang hits the rime drake.
The rime drake is lightly wounded.
You closely miss the rime drake.
The rime drake is lightly wounded.
The rime drake breathes ice at you. The flash freeze hits you!!
* * * LOW HITPOINT WARNING * * *
You are encased in ice.
You hit the rime drake.
Lightning courses through the rime drake!
The rime drake is severely wounded.
The rime drake bites you but does no damage.
You miss the rime drake.
The rime drake is severely wounded.
The rime drake misses you.
You hit the rime drake but do no damage.
The rime drake is severely wounded.
The ice encasing you melts away. The rime drake bites you.
* * * LOW HITPOINT WARNING * * *
You're wearing all the rings you can.
Remove which one? (? for menu, Esc to cancel) < or
E - the ring "Ucogaff" {rF++ Int-4 Dex+3} > or
F - a ring of magical power You remove your ring of magical power.
You feel your magic capacity decrease. The rime drake misses you.
You feel more attuned to ice.
q - a ring of ice (right hand)
You hit the rime drake.
The rime drake is severely wounded.
The rime drake bites you but does no damage.
You hit the rime drake but do no damage.
The rime drake is severely wounded.
The rime drake breathes ice at you. The flash freeze hits you!
You partially resist.
* * * LOW HITPOINT WARNING * * *
You are encased in ice.
Really quaff
L - 5 potions of curing {!q}?
You feel better. You block the rime drake's attack.
You whack the rime drake!
You kill the rime drake!
Okawaru accepts your kill.
Training target 8.0 for Fighting reached!
Your Fighting skill increases to level 8!
A komodo dragon comes into view.
The ice encasing you melts away.
The komodo dragon hisses angrily.
You see here a rime drake corpse.
You butcher the rime drake corpse.
Things that are here:
3 chunks of flesh; a rime drake skeleton
j - 3 chunks of flesh A dream sheep comes into view.
The dream sheep bleats! x2
The dream sheep ruffle their wool and motes of dream dust sparkle, to no effect.
The dream sheep shake their wool and sparkle.
You feel drowsy...
You fall asleep.
The komodo dragon bites you!!!
You die...

##...........
##...)........
####....##P.###.#
#......#.##P# ###
#P..รท.#######
##Y.[.## ##.)..##
###.Y.#)#
#...@.### #.
###...l.## ...
##...#[...##
##....
#....###...##
.#.#.. #......#
##...###....#
#P.....##
##.........#
#......#
##......###
##....P#
###....## ##...##
#.....##


You could see a komodo dragon and 2 dream sheep.

Vanquished Creatures
  Fannar (Lair:2)
  Harold (D:7)
  4 hydras
  A centaur warrior (D:10)
  Erica (D:11)
  4 two-headed ogres
  Urug (Lair:2)
  An unseen horror (D:11)
  Pikel (D:7)
  2 deep elf magi (D:10)
  2 ugly things
  An orc sorcerer (D:10)
  A cyclops (D:12)
  A torpor snail (Lair:2)
  3 centaur zombies
  A centaur skeleton (D:10)
  A komodo dragon (D:10)
  A rime drake (Lair:2)
  2 trolls
  Grinder (D:2)
  Prince Ribbit (D:7)
  A slime creature (D:12)
  A dream sheep (Lair:1)
  4 hippogriffs
  A meliai zombie (D:12)
  4 wyverns
  18 yaks
  Eustachio (D:5)
  3 basilisks
  A steam dragon (D:10)
  2 hungry ghosts
  Duvessa (D:6)
  A water moccasin (Lair:1)
  4 porcupines
  7 orc warriors
  3 slaves (D:7)
  2 ice beasts
  4 black bears
  An ogre (D:6)
  2 necrophages
  21 wolves
  2 phantoms
  7 centaurs
  9 crocodiles
  3 big kobolds
  14 bullfrogs
  Dowan (D:6)
  A wyvern zombie (D:7)
  A wyvern skeleton (D:10)
  4 scorpions
  12 killer bees
  8 wights
  5 crimson imps
  5 howler monkeys
  The ghost of tevior the Gusty, a weakling DEAE (D:4)
  A quasit (D:11)
  2 bullfrog zombies
  A gnoll shaman (D:6)
  7 hounds
  3 jellies
  6 orc priests
  4 bullfrog skeletons
  12 orc wizards
  5 iguanas
  10 worker ants
  A hound skeleton (D:4)
  A worker ant zombie (D:7)
  4 gnolls (D:6)
  8 adders
  A howler monkey skeleton (D:7)
  3 shadow imps
  An adder skeleton (D:8)
  3 worms
  3 dart slugs
  4 leopard geckos
  32 orcs
  4 giant cockroaches
  5 goblins
  10 hobgoblins
  16 jackals
  7 quokkas
  7 bats
  7 frilled lizards
  22 kobolds
  2 leopard gecko skeletons
  A quokka zombie (D:5)
  12 rats
392 creatures vanquished.

Vanquished Creatures (others)
  A slave (D:7)
  2 fungi (Lair:2)
  A plant (Lair:2)
4 creatures vanquished.

Grand Total: 396 creatures vanquished

Notes
Turn   | Place    | Note
-------+----------+-------------------------------------------
     0 | D:1      | Amnesiac the Deep Elf Gladiator began the quest for the
                  | Orb.
     0 | D:1      | Reached XP level 1. HP: 12/12 MP: 3/3
    46 | D:1      | You fall into a shaft and drop 1 floor!
   401 | D:3      | Noticed an orc wizard
   405 | D:3      | Reached XP level 2. HP: 16/16 MP: 4/4
   612 | D:3      | Noticed Grinder
   756 | D:1      | Reached skill level 1 in Armour
   911 | D:1      | Reached XP level 3. HP: 20/20 MP: 5/5
  1092 | D:1      | Reached skill level 4 in Staves
  2044 | D:2      | Reached XP level 4. HP: 25/25 MP: 6/6
  2297 | D:3      | Found a shattered altar of Ashenzari.
  2310 | D:3      | Found an ancient bone altar of Kikubaaqudgha.
  2392 | D:3      | Paralysed by Grinder for 2 turns
  2961 | D:3      | You fall into a shaft and drop 1 floor!
  2994 | D:4      | Reached XP level 5. HP: 8/30 MP: 7/7
  3010 | D:4      | Reached skill level 5 in Staves
  3262 | D:4      | Noticed a phantom
  3286 | D:4      | Killed a phantom
  3286 | D:4      | Reached XP level 6. HP: 25/36 MP: 8/8
  3490 | D:4      | Found a runed translucent door.
  3493 | D:4      | Noticed tevior's ghost (weakling DEAE)
  4536 | D:3      | Found a burning altar of Makhleb.
  4546 | D:3      | Reached XP level 7. HP: 28/40 MP: 9/9
  4680 | D:3      | Reached skill level 6 in Staves
  4680 | D:3      | Reached skill level 5 in Dodging
  4693 | D:3      | Found a shimmering blue altar of Sif Muna.
  4693 | D:3      | Found a radiant altar of Vehumet.
  4995 | D:2      | Paralysed by Grinder for 7 turns
  5005 | D:2      | Paralysed by Grinder for 3 turns
  5071 | D:4      | Killed tevior's ghost
  5122 | D:5      | Entered Level 5 of the Dungeon
  5289 | D:5      | Reached skill level 1 in Evocations
  5559 | D:5      | Noticed Eustachio
  5580 | D:5      | Killed Eustachio
  5632 | D:5      | Got a flickering brass ring
  5926 | D:2      | Killed Grinder
  5926 | D:2      | Reached XP level 8. HP: 46/46 MP: 11/11
  6081 | D:5      | Reached skill level 7 in Staves
  6268 | D:5      | Identified the ring "Ucogaff" {rF++ Int-4 Dex+3} (You found
                  | it on level 5 of the Dungeon)
  6530 | D:5      | Found a staircase to the Ecumenical Temple.
  6635 | Temple   | Entered the Ecumenical Temple
  6820 | Temple   | Became a worshipper of Warmaster Okawaru
  7354 | D:6      | Got a bronze scale mail
  7524 | D:6      | Identified the +6 scale mail of Monotheism {rPois} (You
                  | found it on level 6 of the Dungeon)
  7664 | D:6      | Noticed Dowan
  7665 | D:6      | Noticed Duvessa
  7680 | D:6      | Killed Duvessa
  7680 | D:6      | Reached skill level 1 in Invocations
  7680 | D:6      | Killed Dowan
  7766 | D:6      | Reached * piety under Okawaru
  8163 | D:7      | Reached skill level 8 in Staves
  8163 | D:7      | Reached XP level 9. HP: 48/52 MP: 13/13
  8165 | D:7      | Noticed Harold
  8343 | D:7      | Killed Harold
  8682 | D:7      | Reached ** piety under Okawaru
  8857 | D:7      | Found a sacrificial altar of Ru.
  8857 | D:7      | Noticed Prince Ribbit
  8867 | D:7      | Killed Prince Ribbit
  9085 | D:7      | Reached skill level 9 in Staves
  9250 | D:7      | Reached skill level 5 in Armour
  9266 | D:7      | Found a hazy altar of Hepliaklqana.
  9325 | D:7      | Learned a level 2 spell: Blink
  9328 | D:7      | Learned a level 2 spell: Call Imp
  9332 | D:7      | Learned a level 3 spell: Mephitic Cloud
  9428 | D:7      | Noticed Pikel
  9446 | D:7      | Killed Pikel
  9446 | D:7      | Reached *** piety under Okawaru
  9446 | D:7      | Received a gift from Okawaru
  9555 | D:7      | Reached skill level 5 in Fighting
  9555 | D:7      | Reached XP level 10. HP: 59/59 MP: 14/14
 10380 | D:8      | Found a staircase to the Lair.
 11265 | D:9      | Reached skill level 10 in Staves
 11502 | D:9      | Noticed a two-headed ogre
 11521 | D:9      | Killed a two-headed ogre
 11521 | D:9      | Reached skill level 5 in Invocations
 11712 | D:9      | You fall into a shaft and drop 1 floor!
 11712 | D:10     | Entered Level 10 of the Dungeon
 12149 | D:10     | Noticed a seven-headed hydra
 12722 | D:10     | Noticed a deep elf mage
 12727 | D:10     | Noticed a deep elf mage
 12730 | D:10     | Noticed an orc sorcerer
 12755 | D:10     | Identified the cursed +1 halberd of Hier {drain, rF+ rN+
                  | MR+}
 12773 | D:10     | Reached **** piety under Okawaru
 12774 | D:10     | Killed an orc sorcerer
 12778 | D:10     | Killed a deep elf mage
 12778 | D:10     | Reached XP level 11. HP: 34/64 MP: 17/17
 12842 | D:10     | Killed a deep elf mage
 13569 | D:10     | Noticed a centaur warrior
 13580 | D:10     | Killed a centaur warrior
 13580 | D:10     | Reached ***** piety under Okawaru
 13580 | D:10     | Reached skill level 11 in Staves
 13771 | D:10     | Got a steaming hand axe
 13996 | D:11     | Noticed Erica
 14013 | D:11     | Killed Erica
 14034 | D:11     | Received a gift from Okawaru
 14062 | D:11     | Found a sacrificial altar of Ru.
 14294 | D:11     | Received a gift from Okawaru
 14647 | D:11     | Noticed a red ugly thing
 14669 | D:11     | Killed a red ugly thing
 14669 | D:11     | Received a gift from Okawaru
 14690 | D:11     | Learned a level 3 spell: Confusing Touch
 14983 | D:11     | Reached skill level 10 in Dodging
 15705 | D:12     | Noticed a two-headed ogre
 15712 | D:12     | Noticed a two-headed ogre
 15725 | D:12     | Killed a two-headed ogre
 15725 | D:12     | Reached XP level 12. HP: 50/71 MP: 19/19
 15726 | D:12     | Killed a two-headed ogre
 15726 | D:12     | Reached skill level 12 in Staves
 16399 | D:12     | Identified the cursed +2 hand axe of the Real Monster
                  | {holy, rF+ rN++ Str-2} (You found it on level 10 of the
                  | Dungeon)
 16405 | D:12     | Identified a scroll of acquirement {!r}
 16490 | D:12     | Found a staircase to the Orcish Mines.
 16495 | D:12     | Got an ichor-stained flail
 16514 | D:12     | Noticed a two-headed ogre
 16515 | D:12     | Identified the cursed +2 flail of Qawuleil {vorpal,
                  | *Corrode rF+++ MP-9 SInv} (You found it on level 12 of the
                  | Dungeon)
 16531 | D:12     | Killed a two-headed ogre
 16737 | D:12     | Noticed a seven-headed hydra
 16744 | D:12     | Killed a seven-headed hydra
 17194 | Orc:1    | Entered Level 1 of the Orcish Mines
 17194 | Orc:1    | Noticed Sonja
 17194 | Orc:1    | Noticed an orc high priest
 17222 | D:12     | Reached skill level 1 in Spellcasting
 17454 | Lair:1   | Entered Level 1 of the Lair of Beasts
 17473 | Lair:1   | Noticed an eight-headed hydra
 17485 | Lair:1   | Killed an eight-headed hydra
 17568 | Lair:1   | Received a gift from Okawaru
 18024 | Lair:1   | Reached skill level 13 in Staves
 19177 | Lair:2   | Noticed Urug
 19177 | Lair:2   | Noticed a five-headed hydra
 19323 | Lair:2   | Noticed Fannar
 19350 | Lair:2   | Killed Fannar
 19418 | Lair:2   | Killed a five-headed hydra
 19418 | Lair:2   | Reached XP level 13. HP: 31/78 MP: 21/21
 19612 | Lair:2   | Killed Urug
 19795 | Lair:2   | Slain by a komodo dragon

Illustrated notes

Levels and vault maps discovered:
D:1:      dpeg_arrival_more_subterranean_lakeside_camping, layout_basic,
          chequers_serial_rivers_small_b
D:2:      layout_loops_corners, first_ration
D:3:      layout_loops_ring, marbit_many_paths, amethyst_overflow_temple_binary,
          minitemple, minmay_unequal, uniq_grinder
D:4:      layout_basic, hellmonk_ghost_happy_afterlife
D:5:      layout_basic, minmay_temple_entry_overgrown, uniq_eustachio
D:6:      layout_basic, uniq_duvessa
D:7:      layout_loops_ring, lemuel_coloured_pillars_altar, basic_altar,
          uniq_pikel, uniq_prince_ribbit1, uniq_harold
D:8:      layout_basic, minmay_lair_entry_grove
D:9:      layout_stronghold
D:10:     layout_irregular_city, minmay_the_grid_2x2
          [minmay_the_grid_zigzag_pyramid, minmay_the_grid_tri_star,
          minmay_the_grid_fan, minmay_the_grid_prize_four_corners_diamond_a]
D:11:     layout_roguey, nicolae_ru_sacrificial_ziggurat, uniq_erica
D:12:     minmay_bubble_buster, layout_loops_cross, basic_altar
Temple:   eino_temple_scatter_basement
Lair:1:   layout_misc_corridors, st_stairs_4, grunt_forest_large_clearings
Lair:2:   layout_concentric_octagons, minmay_swamp_entry_worms, uniq_urug,
          uniq_fannar
Orc:1:    layout_caves, basic_altar, serial_shops, shop, uniq_sonja

Skill      XL: |  1  2  3  4  5  6  7  8  9 10 11 12 13 |
---------------+----------------------------------------+-----
Armour         | 1 2 3 4 5 6 7 8 |  8.0
Staves         | 4 5 6 8 9 10 11 13 | 13.5
Dodging        | 4 5 6 7 9 10 11 | 11.0
Fighting       | 2 3 4 5 6 7 8 |  8.0
Evocations     | 2 3 |  3.0
Invocations    | 1 3 5 7 8 |  8.0
Spellcasting   | 4 |  4.9
Throwing       | |  2.0

Action                   |  1- 3 |  4- 6 |  7- 9 | 10-12 | 13-15 || total
-------------------------+-------+-------+-------+-------+-------++-------
Melee: Quarterstaff      |    94 |   171 |   227 |       |       ||   492
       Rapier            |       |       |    95 |       |       ||    95
       Dagger            |       |       |    28 |       |       ||    28
       Unarmed           |       |       |    11 |       |       ||    11
       Whip              |       |       |    10 |  1258 |    37 ||  1305
 Fire: Hunting sling     |    31 |       |     5 |       |       ||    36
Throw: Dart              |    29 |    42 |    58 |    22 |     5 ||   156
       Throwing net      |     1 |     5 |     5 |     1 |       ||    12
       Stone             |     1 |       |     1 |       |       ||     2
       Boomerang         |       |    14 |    40 |   179 |     9 ||   242
Evoke: Wand              |       |       |     9 |    17 |     3 ||    29
       Phial of floods   |       |       |       |       |     1 ||     1
  Use: Potion            |       |     1 |     2 |     4 |     1 ||     8
       Scroll            |       |       |    14 |    15 |       ||    29
 Stab: Sleeping          |     1 |     2 |       |       |       ||     3
       Paralysed         |       |       |     8 |       |       ||     8
       Distracted        |       |       |     1 |       |       ||     1
  Eat: Chunk             |     4 |     7 |    14 |    43 |     1 ||    69
       Ration            |       |       |     2 |     2 |       ||     4
Armor: Leather armour    |    46 |    53 |    40 |       |       ||   139
       Scale mail        |       |       |    65 |   468 |     6 ||   539
       Skin              |       |       |     4 |       |       ||     4
Dodge: Dodged            |    84 |   132 |   217 |   839 |    11 ||  1283
Block: Buckler           |       |       |       |   107 |     4 ||   111

Table legend:
 A = Non-vault XP
 B = Vault XP
 C = Vault XP percentage of total XP
 D = Non-vault monster count
 E = Vault monster count
 F = Vault count percentage of total count
                 A         B        C        D         E       F
            +---------+---------+-------+---------+---------+-------
      Total |   23461 |   18046 |  43.5 |     311 |      78 |  20.1
            +---------+---------+-------+---------+---------+-------
        D:1 |      36 |       0 |   0.0 |      18 |       0 |   0.0
        D:2 |      47 |     290 |  86.1 |      20 |       1 |   4.8
        D:3 |     130 |      10 |   7.1 |      30 |       4 |  11.8
        D:4 |     653 |      46 |   6.6 |      25 |       1 |   3.8
        D:5 |     571 |     202 |  26.1 |      22 |       1 |   4.3
        D:6 |     558 |     227 |  28.9 |      16 |       2 |  11.1
        D:7 |     930 |    1834 |  66.4 |      25 |       3 |  10.7
        D:8 |     682 |    1393 |  67.1 |      13 |      12 |  48.0
        D:9 |    1572 |       0 |   0.0 |      17 |       0 |   0.0
       D:10 |    1347 |    3763 |  73.6 |      21 |      10 |  32.3
       D:11 |    4424 |    1587 |  26.4 |      48 |       2 |   4.0
       D:12 |    5374 |    4329 |  44.6 |      28 |      20 |  41.7
     Lair:1 |    3499 |    2525 |  41.9 |      17 |      20 |  54.1
     Lair:2 |    3638 |    1840 |  33.6 |      11 |       2 |  15.4
            +---------+---------+-------+---------+---------+-------
